 Dungeon Crawl Stone Soup version 0.28.0-53-g5a82cb258f (webtiles) character file.

Game seed: 4657678729534350474

5406 issech the Basher (level 10, -1/86 HPs)
             Began as a Minotaur Monk on June 8, 2022.
             Slain by a fire elemental (7 damage)
             ... summoned by a deep elf pyromancer
             ... on level 9 of the Dungeon.
             The game lasted 00:33:19 (9012 turns).

issech the Basher (Minotaur Monk)                   Turns: 9012, Time: 00:33:20

Health: -1/86      AC: 15    Str: 21    XL:     10   Next: 40%
Magic:  9/9        EV: 14    Int:  7    God:
Gold:   454        SH:  0    Dex: 18    Spells: 9/9 levels left

rFire   . . .      SeeInvis .   a - +6 quarterstaff (spect)
rCold   . . .      Faith    .   (shield currently unavailable)
rNeg    . . .      Spirit   .   g - +0 plate armour
rPois   .          Reflect  .   (helmet restricted)
rElec   .          Harm     .   R - +0 cloak
rCorr   .          Rampage  .   P - +0 pair of gloves
Will    .....                   (no boots)
Stlth   ..........              (no amulet)
HPRegen 0.24/turn               G - +6 ring of strength
MPRegen 0.11/turn               m - +4 ring of evasion

@: slowed, very slow
A: horns 2, retaliatory headbutt
a: no special abilities


You were on level 9 of the Dungeon.
You visited 2 branches of the dungeon, and saw 10 of its levels.
You also visited: Sewer.

You collected 454 gold pieces.

Inventory:

Hand Weapons
 a - a +6 spectral quarterstaff (weapon)
 r - a +0 spectral club
 F - a +0 mace of protection
 I - a +1 antimagic hand axe
 L - a +0 shortbow
 N - a +0 hunting sling
 S - a +5 great sword
 Z - a +3 hand axe of freezing
Missiles
 h - 279 stones
 o - 24 poisoned darts
 u - 75 bolts
 B - 4 boomerangs (quivered)
 C - 112 arrows
 H - 67 sling bullets
Armour
 f - a +0 leather armour of fire resistance
 g - a +0 plate armour (worn)
 p - +0 acid dragon scales
 y - a +0 troll leather armour {Pargi}
 E - a +0 scale mail
 P - a +0 pair of gloves (worn)
 R - a +0 cloak (worn)
 V - a +0 buckler
 Y - a +1 robe of willpower
Jewellery
 b - a ring of protection from fire
 m - a +4 ring of evasion (right hand)
 G - a +6 ring of strength (left hand)
 K - a ring of fire
Wands
 q - a wand of iceblast (15)
 O - a wand of digging (7)
Scrolls
 i - 2 scrolls of blinking
 k - a scroll of holy word {unknown}
 l - 3 scrolls of fog
 n - 2 scrolls of fear
 v - a scroll of enchant armour
 w - 3 scrolls of teleportation
 z - a scroll of enchant weapon
Potions
 c - 2 potions of might {unknown}
 d - a potion of heal wounds
 e - 2 potions of haste
 j - 2 potions of invisibility {unknown}
 t - 2 potions of curing {unknown}
 x - 3 potions of mutation {unknown}
 D - a potion of magic {unknown}
 U - a potion of attraction {unknown}


   Skills:
 + Level 7.1 Fighting
 + Level 5.9(8.2) Axes
 + Level 8.7(9.6) Maces & Flails
 + Level 1.4(5.6) Staves
 + Level 0.6 Throwing
 + Level 7.0 Armour
 + Level 8.4 Dodging
 + Level 5.4 Stealth
 + Level 5.6 Shields


You had 9 spell levels left.
You didn't know any spells.
Your spell library contained the following spells:

 Spells                   Type           Power      Damage    Failure   Level
 Beastly Appendage        Tmut           0%         N/A       100%        1
 Shock                    Conj/Air       0%         1d3       100%        1
 Slow                     Hex            0%         N/A       100%        1
 Summon Small Mammal      Summ           0%         N/A       100%        1
 Ensorcelled Hibernation  Hex/Ice        0%         N/A       100%        2
 Passwall                 Tmut/Erth      0%         N/A       100%        2
 Wereblood                Tmut           0%         N/A       100%        2
 Call Canine Familiar     Summ           0%         N/A       100%        3
 Confusing Touch          Hex            0%         N/A       100%        3
 Dazzling Flash           Conj/Hex       0%         N/A       100%        3
 Gell's Gravitas          Tloc           0%         N/A       100%        3
 Portal Projectile        Hex/Tloc       0%         N/A       100%        3
 Spider Form              Tmut/Pois      0%         N/A       100%        3
 Summon Guardian Golem    Hex/Summ       0%         N/A       100%        3
 Swiftness                Air            0%         N/A       100%        3
 Teleport Other           Tloc           0%         N/A       100%        3
 Vampiric Draining        Necr           0%         2d6       100%        3
 Airstrike                Air            0%         N/A       100%        4
 Leda's Liquefaction      Hex/Erth       0%         N/A       100%        4
 Agony                    Necr           0%         N/A       100%        5
 Alistair's Intoxication  Tmut/Pois      0%         N/A       100%        5
 Borgnjor's Vile Clutch   Necr/Erth      0%         N/A       100%        5
 Silence                  Hex/Air        0%         N/A       100%        5
 Yara's Violent Unravell  Hex/Tmut       0%         3d3       100%        5
 Dispersal                Tloc           0%         N/A       100%        6
 Eringya's Noxious Bog    Tmut/Pois      0%         N/A       100%        6
 Enfeeble                 Hex            0%         N/A       100%        7


Dungeon Overview and Level Annotations

Branches:
Dungeon (9/15)             Temple (1/1) D:6           Sewer (visited)
   Lair: D:8-11         Orc: D:9-12

Altars:
Ashenzari
Cheibriados
Dithmenos
Elyvilon
Fedhas
Gozag
Kikubaaqudgha
Makhleb
Nemelex Xobeh
Okawaru
Qazlal
Ru
Sif Muna
Trog
Uskayaw
Vehumet
Wu Jian
Xom
Yredelemnul
Jiyva

Annotations:
D:4 3 runed translucent doors, unlimited1921's ghost, novice DjFE


Innate Abilities, Weirdness & Mutations

You have a pair of horns on your head.
You reflexively headbutt those who attack you in melee.


Message History

The deep elf pyromancer blinks!
The wyvern barely misses you. The wraith hits you but does no damage.
You thump the wyvern!
You headbutt the wyvern, but do no damage.
The wyvern is heavily wounded.
The wyvern bites you! The wraith hits you but does no damage.
The wyvern misses you.
You hit the wyvern. You headbutt the wyvern!
The wyvern is almost dead.
The wyvern bites you. The wraith closely misses you. The wyvern bites you!
* * * LOW HITPOINT WARNING * * *
The wraith misses you. The wyvern misses you.
Unknown command.
You hit the wyvern.
You kill the wyvern!
The howler monkey hoots and howls with incredible vigour!
The wraith barely misses you.
The deep elf pyromancer gestures wildly while chanting.
The deep elf pyromancer blinks!
You hear a shout!
You hear an angry hiss.
You hear two shouts!
You hear a shout!
You hear an angry hiss. x2; You hear an angry buzzing noise.
You hear a shout!
You hit the deep elf pyromancer but do no damage.
The wraith closely misses you.
The deep elf pyromancer casts a spell.
The wraith hits you!
* * * LOW HITPOINT WARNING * * *
The wraith drains your vigour!
You feel as though you will be slow longer.
You sock the deep elf pyromancer!
The deep elf pyromancer is moderately wounded.
The deep elf pyromancer casts a spell.
The deep elf pyromancer blinks!
The wraith closely misses you. The fire elemental hits you.
The fire elemental burns you!
* * * LOW HITPOINT WARNING * * *
You hit the fire elemental. You headbutt the fire elemental.
The fire elemental is lightly damaged.
The wraith closely misses you. The fire elemental hits you.
The fire elemental burns you!
You die...

########.....#
#.....#.....#
#...#.#.....#
+.....'.....#
#.#...#.....#
#..°..#........
###E###........
#E# ##.......
#@# #...... #W#
#..... #h#
..... .#. ###
#.#.# .#.#.
.#.#.


You could see 2 fire elementals, a wraith and a howler monkey.

Vanquished Creatures
  A two-headed ogre (D:8)
  A manticore (D:9)
  Joseph (D:8)
  The ghost of trickyswaf the Chopper, an amateur MiBe of Trog (D:3)
  Sigmund (D:5)
  A wyvern (D:9)
  A wraith (D:9)
  2 acid dragons (D:9)
  2 water moccasins
  Pargi (D:3)
  2 sky beasts
  An orc warrior (D:8)
  2 black bears
  2 necrophages
  An ogre (D:5)
  2 centaurs
  2 phantoms (D:5)
  3 kobold brigands
  3 bullfrogs
  A water moccasin zombie (D:5)
  2 wyvern zombies
  6 wights
  2 centaur zombies
  A bullfrog zombie (D:6)
  6 hounds
  2 jellies
  7 orc priests
  A gnoll shaman (D:7)
  An iguana (D:6)
  Ijyb (D:3)
  5 orc wizards
  A hound zombie (D:5)
  A howler monkey zombie (D:8)
  A howler monkey skeleton (D:6)
  11 gnolls
  4 adders
  A shadow imp (D:7)
  A white imp (D:6)
  An adder skeleton (D:4)
  2 dart slugs (D:3)
  31 orcs
  12 ball pythons
  17 endoplasms
  11 giant cockroaches
  7 goblins
  6 hobgoblins
  6 kobolds
  13 quokkas
  5 bats
  12 frilled lizards
  4 rats
212 creatures vanquished.

Notes
Turn   | Place    | Note
-------+----------+-------------------------------------------
     0 | D:1      | issech the Minotaur Monk began the quest for the Orb.
     0 | D:1      | Reached XP level 1. HP: 19/19 MP: 0/0
   390 | D:1      | Reached XP level 2. HP: 25/27 MP: 1/1
  1295 | D:2      | Reached XP level 3. HP: 29/33 MP: 2/2
  1671 | D:2      | Found a faded altar of an unknown god.
  1884 | D:3      | Noticed Ijyb
  2148 | D:3      | Killed Ijyb
  2149 | D:3      | Reached skill level 1 in Armour
  2149 | D:3      | Reached XP level 4. HP: 26/41 MP: 3/3
  2688 | D:3      | Reached skill level 5 in Axes
  3026 | D:3      | Found a runed translucent door.
  3035 | D:3      | Noticed trickyswaf's ghost (amateur MiBe)
  3137 | D:3      | Killed trickyswaf's ghost
  3138 | D:3      | Reached skill level 1 in Maces & Flails
  3138 | D:3      | Reached XP level 5. HP: 19/47 MP: 4/4
  3138 | D:3      | Reached XP level 6. HP: 22/53 MP: 5/5
  3393 | D:4      | Noticed a sky beast
  3402 | D:4      | Killed a sky beast
  3426 | D:4      | Found a glowing drain.
  3429 | D:4      | Reached XP level 7. HP: 50/60 MP: 6/6
  3435 | Sewer    | Entered a sewer
  3770 | Sewer    | Reached skill level 5 in Fighting
  4052 | D:4      | Reached skill level 1 in Shields
  4073 | D:4      | Noticed Pargi
  4331 | D:3      | Killed Pargi
  4332 | D:3      | Reached skill level 5 in Armour
  4332 | D:3      | Reached skill level 5 in Dodging
  4539 | D:4      | Found a runed translucent gate.
  4542 | D:4      | Found a runed translucent gate.
  4576 | D:4      | Found a runed translucent gate.
  4684 | D:4      | Noticed unlimited1921's ghost (novice DjFE)
  4961 | D:4      | Reached XP level 8. HP: 68/68 MP: 7/7
  5202 | D:5      | Entered Level 5 of the Dungeon
  5285 | D:5      | Noticed Sigmund
  5574 | D:5      | Killed Sigmund
  5751 | D:5      | Reached skill level 5 in Maces & Flails
  5778 | D:5      | Found a sacrificial altar of Ru.
  5780 | D:5      | Found a shimmering altar of Xom.
  5780 | D:5      | Found a shimmering altar of Xom.
  5782 | D:5      | Found a stormy altar of Qazlal.
  5782 | D:5      | Found an opulent altar of Gozag.
  5782 | D:5      | Found an ornate altar of the Wu Jian Council.
  5849 | D:5      | Found a shimmering blue altar of Sif Muna.
  6205 | D:6      | Reached XP level 9. HP: 65/75 MP: 8/8
  6332 | D:6      | Found a radiant altar of Vehumet.
  6579 | D:6      | Found a staircase to the Ecumenical Temple.
  6589 | Temple   | Entered the Ecumenical Temple
  7149 | D:7      | Found a shadowy altar of Dithmenos.
  7157 | D:7      | Found a snail-covered altar of Cheibriados.
  7670 | D:8      | Noticed a two-headed ogre
  7683 | D:8      | Killed a two-headed ogre
  7853 | D:8      | Reached skill level 5 in Stealth
  7974 | D:8      | Found a sacrificial altar of Ru.
  8022 | D:8      | Reached XP level 10. HP: 22/80 MP: 9/9
  8033 | D:8      | Found a hide-covered altar of Uskayaw.
  8322 | D:8      | Noticed Joseph
  8353 | D:8      | Killed Joseph
  8354 | D:8      | Reached skill level 5 in Shields
  8668 | D:9      | Noticed a manticore
  8674 | D:9      | Killed a manticore
  8758 | D:9      | Found an iron altar of Okawaru.
  9002 | D:9      | Reached skill level 1 in Staves
  9005 | D:9      | Noticed a deep elf pyromancer
  9012 | D:9      | Slain by a fire elemental

Illustrated notes

Levels and vault maps discovered:
D:1:      lightli_arrival_noodles, layout_loops_ring
D:2:      layout_loops_ring, nicolae_ecumenical_lake_church
D:3:      wad_river_or_something, layout_basic, ebering_ghost_reflecting_pool,
          minivault_11, kennysheep_generic_room_4, uniq_ijyb
D:4:      layout_cave_pools, cheibrodos_sewer_entry_drain, gammafunk_ghost_icy,
          uniq_pargi
D:5:      layout_loops_cross, nicolae_sif_muna_little_library,
          doesnt_xom_only_xom, uniq_sigmund
D:6:      layout_rooms, nicolae_vehumet_altar_sigil, temple_statues
D:7:      layout_loops_ring, mainiacjoe_overflow_catwalk_spiral, st_stairs_4
D:8:      layout_rooms, mainiacjoe_overflow_concentric_impassable,
          mainiacjoe_overflow_small_starburst, enter_bailey_7, uniq_joseph
D:9:      minmay_the_grid_octo_tiled_squarecenter
          [minmay_the_grid_octo_clover_2, minmay_the_grid_octo_checkerflower,
          minmay_the_grid_octo_clover, minmay_the_grid_octo_odd_swirl,
          minmay_the_grid_square_5x5_megaprize_crossed,
          minmay_the_grid_square_5x5_percent,
          minmay_the_grid_square_5x5_two_walls_b,
          minmay_the_grid_square_5x5_comb,
          minmay_the_grid_square_5x5_two_walls_a], layout_grid_maze,
          lemuel_crystal_altar, mainiacjoe_overflow_alcove_2,
          serial_bayou_pond_a, chequers_serial_rivers_large_b,
          minmay_misc_feat_nine_boxes, minivault_16
Temple:   pf_slimified_temple

Skill      XL: |  1  2  3  4  5  6  7  8  9 10 |
---------------+-------------------------------+-----
Axes           | 4 5 |  5.9
Fighting       | 4 5 6 7 |  7.1
Armour         | 1 3 4 5 6 7 |  7.0
Stealth        | 2 3 5 |  5.4
Maces & Flails | 1 3 5 8 |  8.7
Dodging        | 4 5 6 7 8 |  8.4
Shields        | 2 3 4 5 |  5.6
Staves         | 1 |  1.4
Throwing       | |  0.6

Action                   |  1- 3 |  4- 6 |  7- 9 | 10-12 || total
-------------------------+-------+-------+-------+-------++-------
Melee: Hand axe          |    79 |       |    10 |       ||    89
       Headbutt          |    14 |     8 |   101 |    15 ||   138
       Club              |       |    48 |   386 |    27 ||   461
       Quarterstaff      |       |       |       |    28 ||    28
Throw: Boomerang         |       |       |     3 |       ||     3
       Stone             |       |       |     1 |       ||     1
  Use: Scroll            |       |     4 |     6 |     2 ||    12
 Stab: Sleeping          |     1 |     2 |     4 |       ||     7
       Distracted        |       |     2 |     6 |     2 ||    10
Armor: Robe              |    10 |       |       |       ||    10
       Ring mail         |    12 |    10 |    27 |       ||    49
       Troll leather arm |       |       |    52 |     3 ||    55
       Plate armour      |       |       |       |     9 ||     9
Dodge: Dodged            |    57 |    40 |   310 |    44 ||   451
Block: Buckler           |       |     3 |    93 |    10 ||   106
